Map: Pillars of Gold LE

Players

LiquidClem (Clem)

  • Race: Terran Terran
  • Spawn Location: 1:00

maru - Winner!

  • Race: Terran Terran
  • Spawn Location: 7:00

Event: ASUS ROG Online 2020

VOD

https://youtu.be/VwqBsyCMLgg?t=2644

Description

Time

  • Played on: Nov. 28, 2020, 12:01 p.m.
  • Length: 10:27

All games in this series

Show
View Real Time Build Order
Export as new Build Order

LiquidClem Terran 

Build Orders:  

Get SALT Encoding   

  12  0:00  SCV  
  13  0:12  SCV  
  14  0:17  Supply Depot  
  14  0:24  SCV  
  15  0:32  Refinery  
  15  0:39  SCV  
  16  0:45  Barracks  
  16  0:51  SCV  
  17  0:57  Refinery  
  17  1:03  SCV  
  18  1:15  SCV  
  19  1:32  Orbital Command, Reaper  
  20  1:36  Factory  
  20  1:46  Supply Depot  
  20  1:58  SCV  
  21  2:05  Reaper  
  22  2:10  SCV  
  23  2:21  Hellion  
  25  2:27  Command Center  
  25  2:30  SCV  
  26  2:39  Starport  
  26  2:43  SCV  
  27  2:48  Hellion  
  27  2:49  Barracks Reactor  
  29  2:55  Supply Depot  
  30  2:58  SCV  
  30  3:09  Factory Tech Lab  
  30  3:10  SCV  
  30  3:21  Medivac  
  30  3:26  Marine x2  
  34  3:29  Siege Tank  
  34  3:32  SCV  
  37  3:41  Orbital Command  
  37  3:44  Marine  
  37  3:45  Marine  
  40  3:48  SCV  
  40  3:54  Starport Tech Lab  
  40  3:57  Refinery  
  40  4:01  Cyclone  
  43  4:04  SCV  
  43  4:06  SCV  
  45  4:13  Banshee  
  48  4:19  Supply Depot  
  48  4:20  SCV  
  48  4:22  SCV  
  50  4:26  Marine x2  
  52  4:32  SCV  
  52  4:34  SCV  
  54  4:44  SCV  
  52  4:46  SCV  
  52  4:52  Marine  
  51  4:55  Siege Tank, Marine  
  51  4:56  SCV  
  51  4:58  SCV  
  51  4:59  Supply Depot, Raven  
  54  5:08  SCV  
  54  5:10  SCV  
  56  5:17  Command Center  
  56  5:26  Starport, Refinery  
  56  5:27  SCV x2  
  58  5:31  Siege Tank  
  63  5:46  SCV  
  63  5:50  Supply Depot, SCV  
  63  5:54  Viking x2  
  67  5:59  Supply Depot  
  67  6:04  Siege Tank  
  70  6:11  SCV x2, Viking  
  70  6:13  Marine  
  75  6:22  Supply Depot  
  75  6:24  Viking  
  75  6:29  Viking  
  77  6:33  SCV x2  
  77  6:34  Marine  
  77  6:38  Siege Tank  
  83  6:44  Supply Depot  
  83  6:48  Viking  
  83  6:51  Marine  
  83  6:53  Orbital Command  
  86  6:56  SCV  
  87  7:03  SCV  
  87  7:08  SCV  
  85  7:09  Marine  
  85  7:10  Siege Tank  
  74  7:17  Viking  
  74  7:22  SCV  
  66  7:25  Viking  
  66  7:27  Marine  
  66  7:29  Viking  
  69  7:33  SCV  
  69  7:34  Stimpack, SCV x2  
  72  7:43  Siege Tank  
  75  7:45  Marine  
  75  7:47  Viking  
  75  7:51  SCV x3  
  80  7:55  Viking  
  83  8:00  Viking  
  83  8:03  Marine  
  83  8:05  Barracks  
  86  8:09  SCV x2  
  86  8:10  SCV  
  85  8:17  Siege Tank  
  77  8:20  Marine, Viking  
  77  8:22  SCV  
  77  8:24  SCV x2  
  77  8:25  Viking  
  83  8:32  Viking  
  85  8:37  Barracks  
  85  8:38  Marine  
  86  8:43  Barracks  
  86  8:44  Barracks  
  86  8:49  Liberator, Siege Tank  
  86  8:55  Marine, Viking  
  95  8:56  Marine  
  95  9:00  Supply Depot  
  96  9:08  Liberator  
  99  9:10  SCV  
  99  9:11  SCV x2  
  99  9:12  Refinery  
  99  9:13  Refinery, Marine  
  99  9:14  Marine  
  104  9:18  Supply Depot  
  102  9:24  Siege Tank  
  102  9:30  SCV, Marine  
  102  9:31  Marine  
  102  9:32  Marine  
  102  9:34  Marine, Viking  
  102  9:35  Marine  
  107  9:39  Liberator, Supply Depot  
  110  9:47  Marine  
  110  9:48  Marine  
  110  9:49  Marine  
  110  9:52  Marine  
  113  9:55  Marine  
  113  9:59  Bunker  
  115  10:00  Bunker  
  108  10:08  Marine x2  
Show
View Real Time Build Order
Export as new Build Order

maru Terran - Winner!

Build Orders: Cyclone Opening 

Get SALT Encoding   

  12  0:01  SCV  
  13  0:13  SCV  
  14  0:18  Supply Depot  
  14  0:25  SCV  
  15  0:39  SCV  
  15  0:41  Barracks  
  16  0:44  Refinery  
  16  0:51  SCV  
  17  0:58  Refinery  
  17  1:03  SCV  
  18  1:15  SCV  
  19  1:28  Orbital Command, Reaper  
  19  1:31  Supply Depot  
  20  1:44  Factory  
  20  1:53  SCV  
  21  2:00  Reaper  
  22  2:05  SCV  
  23  2:19  SCV  
  24  2:23  Command Center  
  24  2:28  Factory Tech Lab  
  24  2:31  SCV  
  25  2:39  Barracks Reactor  
  25  2:41  Supply Depot  
  25  2:43  SCV  
  26  2:48  Cyclone  
  29  2:55  SCV  
  30  3:07  SCV  
  30  3:08  Starport  
  30  3:12  Refinery  
  31  3:19  SCV  
  31  3:20  Marine x2  
  32  3:29  Siege Tank  
  32  3:33  SCV  
  36  3:36  Orbital Command  
  36  3:39  Marine x2  
  38  3:45  SCV  
  39  3:49  Viking  
  41  3:58  Marine x2  
  41  4:00  SCV  
  41  4:02  Supply Depot  
  44  4:04  SCV  
  45  4:12  SCV  
  45  4:17  SCV  
  47  4:20  Factory Tech Lab  
  47  4:21  Marine x2  
  49  4:25  SCV  
  49  4:26  Raven  
  49  4:29  SCV  
  53  4:37  SCV  
  53  4:40  Siege Tank  
  53  4:41  SCV  
  56  4:49  SCV  
  51  4:53  SCV  
  52  5:01  SCV, Marine x2  
  52  5:04  Supply Depot  
  52  5:05  SCV  
  56  5:09  Raven  
  56  5:13  SCV  
  59  5:14  Command Center  
  59  5:16  Supply Depot  
  59  5:17  SCV  
  60  5:25  Siege Tank, Refinery  
  60  5:27  Supply Depot  
  63  5:32  SCV x2, Marine  
  63  5:33  Marine  
  64  5:44  SCV x2  
  65  5:52  Raven  
  65  5:56  SCV, Marine x2  
  70  5:59  SCV  
  70  6:00  Siege Tank  
  74  6:08  SCV  
  75  6:14  Marine x2  
  75  6:15  Barracks, SCV  
  75  6:17  Barracks  
  78  6:20  SCV  
  79  6:27  SCV  
  78  6:36  Orbital Command  
  78  6:37  SCV  
  78  6:39  SCV  
  79  6:41  Siege Tank  
  82  6:47  Viking x2  
  82  6:49  Supply Depot, SCV  
  82  6:53  Stimpack  
  86  6:55  SCV  
  86  7:01  Marine  
  87  7:04  Engineering Bay x2  
  85  7:09  SCV  
  85  7:10  SCV  
  77  7:17  Viking x2  
  77  7:22  SCV  
  76  7:23  Siege Tank  
  76  7:24  Orbital Command  
  75  7:31  Barracks Reactor x2  
  75  7:32  SCV  
  75  7:34  Terran Infantry Armor Level 1, Terran Infantry Weapons Level 1, SCV  
  76  7:44  SCV  
  76  7:46  SCV  
  78  7:51  Marine  
  78  7:52  Medivac x2  
  78  7:54  SCV  
  78  7:56  SCV  
  85  7:58  SCV  
  85  8:00  Siege Tank  
  85  8:03  Refinery x2  
  89  8:06  Supply Depot, SCV  
  89  8:07  Marine x2  
  89  8:09  SCV  
  89  8:12  SCV  
  94  8:17  Marine x2  
  94  8:18  SCV  
  92  8:21  SCV  
  92  8:23  Marine  
  92  8:24  SCV  
  95  8:30  SCV  
  95  8:32  Combat Shield, Siege Tank  
  95  8:33  SCV  
  100  8:34  Barracks x2  
  100  8:36  SCV, Marine x4  
  100  8:40  Medivac x2  
  100  8:41  Marine  
  109  8:44  Supply Depot  
  110  8:52  Armory  
  110  8:55  Marine x2  
  110  8:58  SCV x3  
  110  9:02  Supply Depot  
  113  9:07  Marine x3  
  116  9:10  Medivac x2  
  116  9:12  Supply Depot, Marine  
  116  9:13  Supply Depot, Marine  
  122  9:23  Command Center  
  117  9:24  Marine  
  117  9:25  Marine x2  
  117  9:27  Marine  
  117  9:30  Marine x3  
  110  9:31  Siege Tank  
  113  9:40  Medivac x2  
  113  9:42  Marine x3  
  113  9:45  Marine  
  121  9:47  Marine  
  121  9:48  Marine x2  
  121  9:58  SCV  
  120  10:00  Marine x3  
  120  10:02  Marine  
  120  10:05  Marine  
  120  10:06  Marine x2  
Tags
 
Add a new tag
Caveats
  • Supply blocks, unpowered buildings, or Contaminate may cause inaccurate times.
  • Supply counts are checked every 10 seconds.